PAAA
OCEANSIDE AVIATORS @ ROYSE CITY TARGARYENS
06/09/2021
 
TOP OF THE 1ST
Oceanside Aviators batting - Pitching for Royse City Targaryens : RHP Wally Nelson
Pitching: RHP Wally Nelson
Batting: RHB Lorenzo Sabastro 0-0: Swinging Strike
0-1: Called Strike
0-2: Ball
1-2: DOUBLE (Flyball, 78M)
Batting: RHB Ulbert Sutkamp 0-0: TRIPLE (Line Drive, 9LS)
Lorenzo Sabastro scores
Batting: RHB Eric D'Angle 0-0: Ball
1-0: Ball
2-0: Called Strike
2-1: Called Strike
2-2: Ball
3-2: Ground out 4-3 (Groundball, 4)
Ulbert Sutkamp scores
Batting: RHB Kyle Bywaters 0-0: Ball
1-0: Foul Ball, location: 2F
1-1: Fly out, F7 (Flyball, 7D)
Batting: RHB Jesús Martínez 0-0: Fly out, F4 (Flyball, 9S)
Top of the 1st over - 2 run(s), 2 hit(s), 0 error(s), 0 left on base; Oceanside 2 - Royse City 0
BOTTOM OF THE 1ST
Royse City Targaryens batting - Pitching for Oceanside Aviators : LHP Javier Tares
Pitching: LHP Javier Tares
Batting: RHB Brian King 0-0: Ball
1-0: Foul Ball, location: 2F
1-1: Ball
2-1: Foul Ball, location: 2F
2-2: Fly out, F2 (Popup, 2LF)
Batting: LHB Juan Valdéz 0-0: Ball
1-0: Ball
2-0: Foul Ball, location: 2F
2-1: Called Strike
2-2: Foul Ball, location: 2F
2-2: Ball
3-2: Base on Balls
Batting: RHB Steve Brandon 0-0: Called Strike
0-1: Called Strike
0-2: Foul Ball, location: 2F
0-2: Ball
1-2: Ball
2-2: Ball
3-2: Strikes out looking
Batting: RHB Thomas Dunlap 0-0: Ball
1-0: Called Strike
1-1: SINGLE (Line Drive, 9LM)
Juan Valdéz to second
Runner from 2nd tries for 3rd, SAFE, no throw or cutoff
Batting: LHB Miguel Juárez 0-0: Ground out 4-3 (Groundball, 4)
Bottom of the 1st over - 0 run(s), 1 hit(s), 0 error(s), 2 left on base; Oceanside 2 - Royse City 0
TOP OF THE 2ND
Oceanside Aviators batting - Pitching for Royse City Targaryens : RHP Wally Nelson
Batting: RHB Jeffery Campbell 0-0: Swinging Strike
0-1: Foul Ball, location: 2F
0-2: Ball
1-2: Ball
2-2: Foul Ball, location: 2F
2-2: Fly out, F9 (Line Drive, 9M)
Batting: LHB Guy Riley 0-0: Called Strike
0-1: Ball
1-1: Swinging Strike
1-2: Ball
2-2: Foul Ball, location: 2F
2-2: Fly out, F9 (Flyball, 9D)
Batting: RHB Dan Finch 0-0: Ball
1-0: Ball
2-0: Ball
3-0: Base on Balls
Batting: SHB Valentín Guzmán 0-0: Ground out 4-3 (Groundball, 4S)
Top of the 2nd over - 0 run(s), 0 hit(s), 0 error(s), 1 left on base; Oceanside 2 - Royse City 0
BOTTOM OF THE 2ND
Royse City Targaryens batting - Pitching for Oceanside Aviators : LHP Javier Tares
Batting: RHB Ray Porch 0-0: Ball
1-0: Ball
2-0: Called Strike
2-1: Fly out, F9 (Flyball, 89M)
Batting: RHB Andrew Weeks 0-0: Called Strike
0-1: Fly out, F9 (Flyball, 89S)
Batting: RHB Spencer Curry 0-0: Swinging Strike
0-1: Called Strike
0-2: Ball
1-2: Foul Ball, location: 2F
1-2: Ball
2-2: Foul Ball, location: 2F
2-2: Strikes out looking
Bottom of the 2nd over - 0 run(s), 0 hit(s), 0 error(s), 0 left on base; Oceanside 2 - Royse City 0
TOP OF THE 3RD
Oceanside Aviators batting - Pitching for Royse City Targaryens : RHP Wally Nelson
Batting: RHB Lorenzo Sabastro 0-0: Ball
1-0: SINGLE (Groundball, 56)
Batting: RHB Ulbert Sutkamp 0-0: Called Strike
0-1: Ball
1-1: Ball
2-1: Called Strike
2-2: Grounds into double play, 4-6-3 (Groundball, 4)
Batting: RHB Eric D'Angle 0-0: SINGLE (Line Drive, 89M)
Batting: RHB Kyle Bywaters 0-0: Ball
1-0: Ball
2-0: Called Strike
2-1: Ball
3-1: Foul Ball, location: 2F
3-2: Hit by Pitch
Eric D'Angle to second
Batting: RHB Jesús Martínez 0-0: Called Strike
0-1: Fly out, F3 (Popup, 3L)
Top of the 3rd over - 0 run(s), 2 hit(s), 0 error(s), 2 left on base; Oceanside 2 - Royse City 0
BOTTOM OF THE 3RD
Royse City Targaryens batting - Pitching for Oceanside Aviators : LHP Javier Tares
Batting: RHB Adrian Barr 0-0: Ball
1-0: Ball
2-0: SINGLE (Line Drive, 34D)
Batting: RHB Brian King 0-0: Ground out 5-3 (Groundball, 56S)
Adrian Barr to second
Batting: LHB Juan Valdéz 0-0: Ball
1-0: Swinging Strike
1-1: Foul Ball, location: 2F
1-2: Strikes out swinging
Batting: RHB Steve Brandon 0-0: Ball
1-0: Foul Ball, location: 2F
1-1: DOUBLE (Flyball, 89XD)
Adrian Barr scores
Batting: RHB Thomas Dunlap 0-0: Called Strike
0-1: Ball
1-1: Foul Ball, location: 2F
1-2: Fly out, F3 (Popup, 4S)
Bottom of the 3rd over - 1 run(s), 2 hit(s), 0 error(s), 1 left on base; Oceanside 2 - Royse City 1
TOP OF THE 4TH
Oceanside Aviators batting - Pitching for Royse City Targaryens : RHP Wally Nelson
Batting: RHB Jeffery Campbell 0-0: Foul Ball, location: 2F
0-1: Ball
1-1: Ground out 5-3 (Groundball, 56)
Batting: LHB Guy Riley 0-0: Bunt for hit - play at first, batter OUT! 1-3
Batting: RHB Dan Finch 0-0: Foul Ball, location: 2F
0-1: Foul Ball, location: 2F
0-2: Ground out 5-3 (Groundball, 5)
Top of the 4th over - 0 run(s), 0 hit(s), 0 error(s), 0 left on base; Oceanside 2 - Royse City 1
BOTTOM OF THE 4TH
Royse City Targaryens batting - Pitching for Oceanside Aviators : LHP Javier Tares
Batting: LHB Miguel Juárez 0-0: Ground out 1-3 (Groundball, 13S)
Batting: RHB Ray Porch 0-0: Ball
1-0: Swinging Strike
1-1: Foul Ball, location: 2F
1-2: Ball
2-2: SINGLE (Groundball, 15S) (infield hit)
Batting: RHB Andrew Weeks 0-0: Ball
1-0: Grounds into double play, 5-4-3 (Groundball, 5)
Bottom of the 4th over - 0 run(s), 1 hit(s), 0 error(s), 0 left on base; Oceanside 2 - Royse City 1
TOP OF THE 5TH
Oceanside Aviators batting - Pitching for Royse City Targaryens : RHP Wally Nelson
Batting: SHB Valentín Guzmán 0-0: Ball
1-0: Ball
2-0: SINGLE (Line Drive, 8RS)
Batting: RHB Lorenzo Sabastro 0-0: Ball
1-0: Sac Bunt - play at first, batter OUT! 2-4
Valentín Guzmán to second
Batting: RHB Ulbert Sutkamp 0-0: Ball
1-0: Called Strike
1-1: Ball
2-1: Ball
3-1: Base on Balls
Batting: RHB Eric D'Angle 0-0: Ball
1-0: Ball
2-0: Ball
3-0: Called Strike
3-1: SINGLE (Groundball, 56D)
Valentín Guzmán to third
Ulbert Sutkamp to second
Runner from 3rd tries for Home, SAFE, no throw or cutoff
Batting: RHB Kyle Bywaters 0-0: Ball
1-0: Foul Ball, location: 2F
1-1: Swinging Strike
1-2: Strikes out swinging
Batting: RHB Jesús Martínez 0-0: Ball
1-0: Foul Ball, location: 2F
1-1: Ball
2-1: Ground out 6-3 (Groundball, 6)
Top of the 5th over - 1 run(s), 2 hit(s), 0 error(s), 2 left on base; Oceanside 3 - Royse City 1
BOTTOM OF THE 5TH
Royse City Targaryens batting - Pitching for Oceanside Aviators : LHP Javier Tares
Batting: RHB Spencer Curry 0-0: Called Strike
0-1: Ground out 6-3 (Groundball, 6MS)
Batting: RHB Adrian Barr 0-0: Ball
1-0: SINGLE (Line Drive, 78M)
Batting: RHB Brian King 0-0: Called Strike
0-1: Ball
1-1: Fly out, F2 (Popup, 2LF)
Batting: LHB Juan Valdéz 0-0: Called Strike
0-1: Ball
1-1: Foul Ball, location: 2F
1-2: Ball
2-2: Strikes out swinging
Bottom of the 5th over - 0 run(s), 1 hit(s), 0 error(s), 1 left on base; Oceanside 3 - Royse City 1
TOP OF THE 6TH
Oceanside Aviators batting - Pitching for Royse City Targaryens : RHP Wally Nelson
Batting: RHB Jeffery Campbell 0-0: Ball
1-0: Foul Ball, location: 2F
1-1: Foul Ball, location: 2F
1-2: Fly out, F8 (Flyball, 89M)
Batting: LHB Guy Riley 0-0: Ball
1-0: Foul Ball, location: 2F
1-1: Ground out 5-3 (Groundball, 5S)
Batting: RHB Dan Finch 0-0: Ball
1-0: Called Strike
1-1: Ball
2-1: SINGLE (Groundball, 56D)
Pitching: LHP Jerry Clephane
Batting: SHB Valentín Guzmán 0-0: Ball
1-0: Ball
2-0: Called Strike
2-1: Ground out 6-3 (Groundball, 6)
Top of the 6th over - 0 run(s), 1 hit(s), 0 error(s), 1 left on base; Oceanside 3 - Royse City 1
BOTTOM OF THE 6TH
Royse City Targaryens batting - Pitching for Oceanside Aviators : LHP Javier Tares
Batting: RHB Steve Brandon 0-0: Foul Ball, location: 2F
0-1: Swinging Strike
0-2: Ball
1-2: Ball
2-2: Ball
3-2: Ground out 5-3 (Groundball, 56)
Batting: RHB Thomas Dunlap 0-0: Ball
1-0: Ball
2-0: Foul Ball, location: 2F
2-1: Ball
3-1: Foul Ball, location: 2F
3-2: Foul Ball, location: 2F
3-2: Foul Ball, location: 2F
3-2: Base on Balls
Pitching: RHP Markus Morgan
Batting: LHB Miguel Juárez 0-0: Foul Ball, location: 2F
0-1: SINGLE (Flyball, 7LM)
Thomas Dunlap to second
Batting: RHB Ray Porch 0-0: Ball
1-0: Ball
2-0: Foul Ball, location: 2F
2-1: Fly out, F9 (Flyball, 9M)
Batting: RHB Andrew Weeks 0-0: Foul Ball, location: 2F
0-1: Foul Ball, location: 2F
0-2: Ball
1-2: Foul Ball, location: 2F
1-2: Fly out, F6 (Popup, 6MS)
Bottom of the 6th over - 0 run(s), 1 hit(s), 0 error(s), 2 left on base; Oceanside 3 - Royse City 1
TOP OF THE 7TH
Oceanside Aviators batting - Pitching for Royse City Targaryens : LHP Jerry Clephane
Batting: RHB Lorenzo Sabastro 0-0: Swinging Strike
0-1: Ball
1-1: Ground out 5-3 (Groundball, 5)
Batting: RHB Ulbert Sutkamp 0-0: SINGLE (Line Drive, 89S)
Batting: RHB Eric D'Angle 0-0: Ball
1-0: Called Strike
1-1: Ball
2-1: Foul Ball, location: 2F
2-2: SINGLE (Flyball, 78S)
Ulbert Sutkamp to second
Batting: RHB Kyle Bywaters 0-0: Called Strike
0-1: Foul Ball, location: 2F
0-2: Grounds into double play, 1-6-3 (Groundball, 15)
Top of the 7th over - 0 run(s), 2 hit(s), 0 error(s), 1 left on base; Oceanside 3 - Royse City 1
BOTTOM OF THE 7TH
Royse City Targaryens batting - Pitching for Oceanside Aviators : RHP Markus Morgan
Batting: RHB Spencer Curry 0-0: Ball
1-0: Swinging Strike
1-1: Swinging Strike
1-2: Ball
2-2: Ball
3-2: Base on Balls
Batting: RHB Adrian Barr 0-0: Ball
1-0: Ball
2-0: Foul Ball, location: 2F
2-1: Foul Ball, location: 2F
2-2: Foul Ball, location: 2F
2-2: Ball
3-2: Foul Ball, location: 2F
3-2: SINGLE (Groundball, 4MD)
Spencer Curry to second
Throwing error, E8
Spencer Curry scores
Adrian Barr to second
Batting: RHB Brian King 0-0: SINGLE (Groundball, 56)
Adrian Barr to third
Runner from 3rd tries for Home, SAFE, throw made home
Brian King to second
Batting: LHB Juan Valdéz 0-0: Called Strike
0-1: Ball
1-1: Ball
2-1: Ball
3-1: Called Strike
3-2: Base on Balls
Batting: RHB Steve Brandon 0-0: Ball
1-0: SINGLE (Line Drive, 6MD)
Brian King to third
Juan Valdéz to second
Runner from 3rd tries for Home, SAFE, no throw or cutoff
Pitching: RHP Rafael García
Pinch Hitting: SHB Yosuke Kiyomizu 0-0: Called Strike
0-1: Called Strike
0-2: Ball
1-2: SINGLE (Flyball, 9LS)
Juan Valdéz to third
Steve Brandon to second
Runner from 3rd tries for Home, SAFE, throw made home
Batting: LHB Miguel Juárez 0-0: Called Strike
0-1: Grounds into double play, U4-3 (Groundball, 4)
Steve Brandon to third
Batting: RHB Ray Porch 0-0: Called Strike
0-1: Ground out 6-3 (Groundball, 56)
Bottom of the 7th over - 4 run(s), 4 hit(s), 1 error(s), 1 left on base; Oceanside 3 - Royse City 5
TOP OF THE 8TH
Oceanside Aviators batting - Pitching for Royse City Targaryens : LHP Jerry Clephane
Now in CF: Jerry Wilson
Batting: RHB Jesús Martínez 0-0: Ball
1-0: Ball
2-0: Ball
3-0: Base on Balls
Pitching: RHP Denny Marshall
Batting: RHB Jeffery Campbell 0-0: Called Strike
0-1: Foul Ball, location: 2F
0-2: DOUBLE (Flyball, 89XD)
Jesús Martínez to third
Runner from 3rd tries for Home, SAFE, no throw or cutoff
Batting: LHB Guy Riley 0-0: Ball
1-0: Ball
2-0: Ball
3-0: Called Strike
3-1: Base on Balls
Batting: RHB Dan Finch 0-0: Fly out, F2 (Popup, 2RF)
Batting: SHB Valentín Guzmán 0-0: Ball
1-0: Swinging Strike
1-1: Ball
2-1: Foul Ball, location: 2F
2-2: Foul Ball, location: 2F
2-2: Ball
3-2: DOUBLE (Line Drive, 89M)
Jeffery Campbell scores
Guy Riley to third
Pinch Hitting: RHB Jorge Gonzáles 0-0: Intentional Walk
Batting: RHB Ulbert Sutkamp 0-0: Ball
1-0: Swinging Strike
1-1: Ball
2-1: Ball
3-1: Foul Ball, location: 2F
3-2: Foul Ball, location: 2F
3-2: Strikes out looking
Batting: RHB Eric D'Angle 0-0: Ball
1-0: Ball
2-0: Ball
3-0: Base on Balls
Guy Riley scores
Valentín Guzmán to third
Jorge Gonzáles to second
Pitching: RHP Han-seung Kim
Batting: RHB Kyle Bywaters 0-0: Fielders Choice at 2nd, 5-4 (Groundball, 56)
Top of the 8th over - 3 run(s), 2 hit(s), 0 error(s), 2 left on base; Oceanside 6 - Royse City 5
BOTTOM OF THE 8TH
Royse City Targaryens batting - Pitching for Oceanside Aviators : RHP Rafael García
Pitching: RHP Wayne Hayes
Now at 2B: Manny Hernández
Now at 3B: Greg Hart
Batting: RHB Andrew Weeks 0-0: Ball
1-0: Ball
2-0: Called Strike
2-1: Ball
3-1: Called Strike
3-2: Base on Balls
Batting: RHB Spencer Curry 0-0: Sac Bunt - play at first, batter OUT! 5-4
Andrew Weeks to second
Batting: RHB Adrian Barr 0-0: DOUBLE (Line Drive, 9LM)
Andrew Weeks scores
Batting: RHB Brian King 0-0: Ball
1-0: Ball
2-0: Ball
3-0: Called Strike
3-1: Swinging Strike
3-2: Foul Ball, location: 2F
3-2: Base on Balls
Batting: LHB Juan Valdéz 0-0: Called Strike
0-1: Ball
1-1: Ball
2-1: Bunted foul
2-2: Strikes out swinging
Batting: RHB Steve Brandon 0-0: Called Strike
0-1: Called Strike
0-2: Ball
1-2: Ball
2-2: Strikes out looking
Bottom of the 8th over - 1 run(s), 1 hit(s), 0 error(s), 2 left on base; Oceanside 6 - Royse City 6
TOP OF THE 9TH
Oceanside Aviators batting - Pitching for Royse City Targaryens : RHP Han-seung Kim
Pitching: RHP Boyd Craig
Batting: RHB Jesús Martínez 0-0: Ball
1-0: Foul Ball, location: 2F
1-1: Ball
2-1: Foul Ball, location: 2F
2-2: DOUBLE (Flyball, 7LM)
Pinch Hitting: RHB Randy García 0-0: Called Strike
0-1: Called Strike
0-2: Strikes out swinging
Batting: LHB Guy Riley 0-0: Intentional Walk
Batting: RHB Dan Finch 0-0: Called Strike
0-1: Foul Ball, location: 2F
0-2: Fly out, F4 (Popup, 4S)
Batting: SHB Valentín Guzmán 0-0: Foul Ball, location: 2F
0-1: Foul Ball, location: 2F
0-2: DOUBLE (Groundball, 3L)
Jesús Martínez scores
Guy Riley to third
Runner from 3rd tries for Home, SAFE, no throw or cutoff
Batting: RHB Manny Hernández 0-0: Ball
1-0: Foul Ball, location: 2F
1-1: Fly out, F8 (Line Drive, 8LM)
Top of the 9th over - 2 run(s), 2 hit(s), 0 error(s), 1 left on base; Oceanside 8 - Royse City 6
BOTTOM OF THE 9TH
Royse City Targaryens batting - Pitching for Oceanside Aviators : RHP Wayne Hayes
Pitching: LHP José Ortíz
Now in LF: Paco Rodríguez
Batting: LHB Jerry Wilson 0-0: Called Strike
0-1: Foul Ball, location: 2F
0-2: SINGLE (Line Drive, 89M)
Pinch Hitting: RHB Bartolo Martínez 0-0: Ball
1-0: Called Strike
1-1: SINGLE (Groundball, 25) (infield hit)
Jerry Wilson to second
Batting: RHB Ray Porch 0-0: Reached on error, E2 (Groundball, 23)
Jerry Wilson scores
Bartolo Martínez to third
Batting: RHB Andrew Weeks 0-0: Called Strike
0-1: Ball
1-1: Reached on error, E3 (Groundball, 23)
Bartolo Martínez scores
Ray Porch scores
This league is powered by Out of the Park Baseball, the baseball management simulation game for PC, Mac and Linux
Friday, January 22nd, 2016 - OOTP Baseball 16.9 Build 39